 Dungeon Crawl Stone Soup version 0.29-a0-553-g81b289dbe5 (webtiles) character file.

Game seed: 5890535468002608370

305 Rassilon the Sneak (level 6, -2/28 HPs)
             Began as a Spriggan Enchanter on June 7, 2022.
             Slain by a phantom (6 damage)
             ... on level 4 of the Dungeon.
             The game lasted 00:12:16 (3921 turns).

Rassilon the Sneak (Spriggan Enchanter)             Turns: 3921, Time: 00:12:17

Health: -2/28      AC:  2    Str:  6    XL:     6   Next: 15%
Magic:  11/11      EV: 17    Int: 16    God:
Gold:   178        SH:  5    Dex: 16    Spells: 10/10 levels left

rFire   . . .      SeeInvis +   d - +1 dagger (venom)
rCold   . . .      Faith    .   (no shield)
rNeg    . . .      Spirit   .   b - +0 robe
rPois   +          Reflect  +   (helmet restricted)
rElec   .          Harm     .   (no cloak)
rCorr   .          Rampage  .   (gloves unavailable)
Will    +....                   (boots unavailable)
Stlth   ++++......              j - amulet of reflection
HPRegen 0.09/turn               h - ring of poison resistance
MPRegen 0.12/turn               (no ring)

@: very quick
A: very small, no large weapons, unfitting armour, see invisible, speed 3
a: no special abilities


You were on level 4 of the Dungeon.
You visited 1 branch of the dungeon, and saw 4 of its levels.

You collected 178 gold pieces.

Inventory:

Hand Weapons
 d - a +1 dagger of venom (weapon)
Missiles
 n - a throwing net (quivered)
Armour
 b - a +0 robe (worn)
Jewellery
 h - a ring of poison resistance (left hand)
 j - an amulet of reflection (around neck)
Wands
 k - a wand of flame (18)
Scrolls
 a - 3 scrolls of identify
 e - 3 scrolls of teleportation {unknown}
 g - a scroll of fear {unknown}
 m - a scroll of amnesia {unknown}
 o - 3 scrolls of enchant armour
 p - a scroll of fog {unknown}
 q - a scroll of vulnerability {unknown}
 r - a scroll of blinking {unknown}
Potions
 c - 2 potions of invisibility
 f - a potion of haste
 i - 2 potions of heal wounds
 l - 3 potions of lignification


   Skills:
 * Level 5.1 Short Blades
 - Level 3.0 Dodging
 + Level 7.3 Stealth
 + Level 0.3 Shields
 - Level 2.9 Spellcasting
 - Level 3.8 Hexes


You had 10 spell levels left.
You didn't know any spells.
Your spell library contained the following spells:

 Spells                   Type           Power      Damage    Failure   Level
 Confusing Touch          Hex            14%        N/A       12%         3
 Tukima's Dance           Hex            14%        N/A       12%         3
 Ensorcelled Hibernation  Hex/Ice        16%        N/A       13%         2
 Summon Small Mammal      Summ           8%         N/A       19%         1
 Dazzling Flash           Conj/Hex       16%        N/A       26%         3


Dungeon Overview and Level Annotations

Branches:
Dungeon (4/15)
 Temple: D:4-7

Altars:
Yredelemnul

Shops:
D:1 =

Annotations:
D:4 Menkaure


Innate Abilities, Weirdness & Mutations

You are very small and have problems with some larger weapons.
You are too small for most types of armour.
You have supernaturally acute eyesight. (SInv)
You cover ground extremely quickly. (Speed+++)


Message History

The phantom is moderately damaged.
The phantom barely misses you.
You hit the phantom.
The phantom is moderately damaged.
The phantom barely misses you.
You hit the phantom.
The phantom is moderately damaged.
The phantom hits you.
You barely miss the phantom.
The phantom is moderately damaged.
You barely miss the phantom.
The phantom is moderately damaged.
The phantom barely misses you.
You hit the phantom but do no damage.
The phantom is moderately damaged.
The phantom closely misses you.
You hit the phantom.
The phantom is moderately damaged.
You block the phantom's attack.
You hit the phantom.
The phantom is heavily damaged.
You hit the phantom.
The phantom is heavily damaged.
The phantom misses you.
You hit the phantom.
The phantom is heavily damaged.
The phantom hits you.
The phantom blinks!
You blink.
You hit the phantom but do no damage. Your punch misses the phantom.
The phantom is heavily damaged.
You hit the phantom but do no damage.
The phantom is heavily damaged.
The phantom hits you!
The phantom blinks!
You blink.
You closely miss the phantom.
The phantom is heavily damaged.
The phantom hits you.
* * * LOW HITPOINT WARNING * * *
You closely miss the phantom.
The phantom is heavily damaged.
The phantom hits you.
You die...

...##...####.####.####...###....#
...##...####.####'####...###....
....#...[......#...............
..g.#..........#...............
..g.#..........#...............
...##...####...#######...###...
.gg##...####...##...##...###...
...#...........W...........# ..
...#............@..........#
...#.......................#
...##'####+###'#######....##
...##...##.. #.# #....#
.............#.. .......
.............#.. .>......
.............#...g.. .......
...##...##..# ..... ####
...###### ..# ....##


You could see a phantom.

Vanquished Creatures
  A phantom (D:4)
  An orc wizard (D:3)
  3 gnolls
  10 adders
  An ufetubus (D:4)
  A worm (D:2)
  2 dart slugs
  3 orcs
  4 endoplasms
  3 giant cockroaches (D:1)
  7 goblins
  8 hobgoblins
  7 jackals
  7 kobolds
  3 quokkas
  6 ball pythons
  3 bats
  3 frilled lizards
  5 rats
78 creatures vanquished.

Notes
Turn   | Place    | Note
-------+----------+-------------------------------------------
     0 | D:1      | Rassilon the Spriggan Enchanter began the quest for the
                  | Orb.
     0 | D:1      | Reached XP level 1. HP: 9/9 MP: 5/5
   190 | D:1      | Found a faded altar of an unknown god.
   197 | D:1      | Got Plato's Guide on Companions
   216 | D:1      | Reached XP level 2. HP: 13/13 MP: 6/6
   364 | D:1      | Found Onal's Jewellery Boutique.
   497 | D:1      | Reached skill level 5 in Stealth
   845 | D:1      | Reached XP level 3. HP: 14/16 MP: 8/8
  1549 | D:2      | Reached skill level 6 in Stealth
  1549 | D:2      | Reached XP level 4. HP: 21/21 MP: 9/9
  2079 | D:3      | Found a basalt altar of Yredelemnul.
  2447 | D:4      | Noticed a phantom
  2449 | D:4      | Killed a phantom
  2450 | D:4      | Reached XP level 5. HP: 24/24 MP: 10/10
  2730 | D:4      | Reached skill level 7 in Stealth
  3062 | D:4      | Noticed Menkaure
  3134 | D:3      | Reached XP level 6. HP: 19/28 MP: 11/11
  3277 | D:3      | Reached skill level 5 in Short Blades
  3921 | D:4      | Slain by a phantom

Illustrated notes

Levels and vault maps discovered:
D:1:      minmay_arrival_checkered_box, layout_loops_ring, serial_shops, shop,
          shapermc_ecumenical_altar_rom_forum, st_stairs_7, minmay_misc_feat_iff
D:2:      layout_basic, minivault_23, minmay_stone_trees_small,
          grunt_ministairs_2, minivault_26
D:3:      layout_basic, mainiacjoe_overflow_alcove_1
D:4:      layout_gridville, uniq_menkaure

Skill      XL: |  1  2  3  4  5  6 |
---------------+-------------------+-----
Dodging        | 3 |  3.0
Stealth        | 5 6 7 |  7.3
Short Blades   | 2 4 5 |  5.1
Shields        | |  0.3
Spellcasting   | |  2.9
Hexes          | |  3.8

Action                   |  1- 3 |  4- 6 || total
-------------------------+-------+-------++-------
Melee: Dagger            |    99 |   158 ||   257
       Punch             |       |     1 ||     1
  Use: Scroll            |       |     5 ||     5
 Stab: Sleeping          |    13 |     2 ||    15
Armor: Robe              |    10 |    12 ||    22
Dodge: Dodged            |    59 |   114 ||   173
Block: Other             |       |    26 ||    26

Table legend: (Time is in decaauts)
 A = Elapsed time spent in this place.
 B = Non-inter-level travel time spent in this place.
 C = Inter-level travel time spent in this place.
 D = Time resting spent in this place.
 E = Time spent auto-exploring this place.
 F = Levels seen in this place.
 G = Mean time per level.
                   A        B        C        D        E       F      G
               +--------+--------+--------+--------+--------+-----+--------+
         Total |   3085 |   3001 |     84 |   1436 |    900 |   4 |  771.2 |
       Dungeon |   3085 |   3001 |     84 |   1436 |    900 |   4 |  771.2 |
               +--------+--------+--------+--------+--------+-----+--------+

Top non-repeatable levels by time:
     D:3: 1424 daAuts
     D:1: 779 daAuts
     D:2: 643 daAuts
     D:4: 239 daAuts
